AoeStats
← Camargo

Arabia

505979736Analyzed
1v1 RM · 21d ago on Sep 11, 2026· 73m 17s· 2 players
Game mode
Random Map
Map size
Tiny (2 player)
Population
200
Speed
Normal
Resources
Standard
Victory
Conquest
Starting age
Dark Age
Ending age
Imperial Age
RankedLock teamsTeams togetherTeam positionsShared explorationLock speedFull tech treeHidden civsTurbo modeCheats
Victory
Defeat
🇨🇴 Aztecs · Colombia
875
+17
🇵🇱 Maya · Poland
892
-17
Camargo
6:25 Loom
9:33 Feudal Age
16:27 Horse Collar
17:55 Padded Archer Armor
17:47 Fletching
21:58 Castle Age
20:16 Gold Mining
21:29 Double-Bit Axe
21:48 Arson
21:31 Man-at-Arms
22:28 Gambesons
23:17 Scale Mail Armor
23:28 Forging
22:44 Long Swordsman
25:02 Wheelbarrow
28:12 Squires
28:30 Stone Mining
30:54 Bow Saw
30:35 Elite Skirmisher
31:48 Chain Mail Armor
33:22 Hand Cart
38:33 Imperial Age
38:30 Iron Casting
39:04 Two-Handed Swordsman
40:26 Champion
41:54 Conscription
42:34 Plate Mail Armor
43:04 Blast Furnace
43:43 Gold Shaft Mining
43:17 Heavy Plow
45:36 Leather Archer Armor
45:17 Bodkin Arrow
44:58 Elite Jaguar Warrior
45:38 Atlatl
46:21 Atlatl
46:42 Garland Wars
46:29 Eagle Warrior
47:59 Garland Wars
53:15 Chemistry
52:35 Ballistics
54:27 Bracer
54:11 Elite Eagle Warrior
Piotrek•
3:48 Loom
10:58 Feudal Age
14:33 Double-Bit Axe
17:27 Gold Mining
20:16 Castle Age
21:27 Double-Bit Axe
21:34 Fletching
22:23 Pikeman
23:09 Horse Collar
22:57 Elite Skirmisher
24:26 Scale Mail Armor
24:24 Crossbowman
25:47 Squires
26:33 Stone Mining
28:12 Bodkin Arrow
28:17 Town Watch
28:48 Padded Archer Armor
34:52 Wheelbarrow
35:04 Bow Saw
35:41 Treadmill Crane
40:02 Imperial Age
37:54 Ballistics
39:48 Hand Cart
41:29 Town Patrol
41:51 Bracer
42:08 Leather Archer Armor
44:05 Elite Plumed Archer
44:34 Onager
47:33 Thumb Ring
48:01 Hul'che Javelineers
48:58 Ring Archer Armor
48:44 Chain Mail Armor
48:39 Forging
49:33 Chemistry
51:06 Conscription
56:16 Plate Mail Armor
56:21 Iron Casting
58:23 Murder Holes
Connection lost

Rejoining the realm…

Still unreachable

The connection could not be restored.

Session expired

The server has moved on; the page needs a fresh start.